[Event "Early-Titled-Tuesday-Blitz-April-23-2024"]
[Site "Chess.com"]
[Date "2024.04.23"]
[Round "1"]
[White "FoxOnTheRun97"]
[Black "osielchesslover2011"]
[Result "0-1"]
[WhiteElo "2589"]
[BlackElo "2199"]
[TimeControl "180+1"]
[EndTime "8:07:51 PDT"]
[Termination "osielchesslover2011 won on time"]

1. d4 Nf6 2. Bg5 Ne4 3. h4 c5 4. d5 d6 5. Nd2 Nxg5 6. hxg5 e6 7.
dxe6 Bxe6 8. Ngf3 g6 9. Ne4 Be7 10.
e3 d5 11. Nc3 Nc6 12. Bb5 Bxg5 13. Nxg5 Qxg5 14. Qf3 a6 15. Bxc6+ bxc6 16. e4 d4 17. Ne2 h5 18. Qa3 O-O 19. f4 Qxg2 20. Rg1 Qxe4 21.
Qd3 Qxd3 22. cxd3 Bg4 23. Kd2 Rfe8 24. Ng3 Re3 25. Ne4 c4 26. Nf6+ Kg7 27. Nxg4 Rxd3+ 28. Kc2 hxg4 29. Rxg4 Re8 30. Rg2 Ree3 31. Rf1 Rf3 32. Re1 Rxf4 33. Re7 Rdf3 34. Rd2 d3+ 35. Kc3 Kf6 36. Rc7 Kg7 37. Rxc6 g5 38. Rxa6 g4 39. a4 g3 40. Ra5 Kg6 41. Ra6+ f6 42. Ra8 Kf5 43. Rg2 Rg4 44. Re8 Kg6 0-1

[Event "Early-Titled-Tuesday-Blitz-April-23-2024"]
[Site "Chess.com"]
[Date "2024.04.23"]
[Round "1"]
[White "Herzog2012"]
[Black "adotand"]
[Result "0-1"]
[WhiteElo "2535"]
[BlackElo "2964"]
[TimeControl "180+1"]
[EndTime "8:07:52 PDT"]
[Termination "adotand won on time"]

1. e4 c5 2. Nf3 Nc6 3. d4 cxd4 4. Nxd4 Nf6 5. Nc3 d6 6. Bg5 a6 7. Qd2 e6 8. O-O-O Be7 9. f3 Nxd4 10. Qxd4 b5 11.
h4 Bb7 12. h5 h6 13. Be3 Rc8 14.
g4 Nd7 15. Qd2 Ne5 16. Be2 Qa5 17. a3 Qc7 18. Bd4 O-O 19. f4 Nc6 20. Be3 b4 21.
axb4 Nxb4 22. Kb1 Qa5 23. Bd3 d5 24. exd5 Bxd5 25. Rh2 Ba2+ 26. Kc1 Bc4 27. Kb1 Nxd3 28. cxd3 Bb3 29. Rc1 Bb4 30. g5 Rb8 31. Re1 Bxc3 32. Qxc3 Qa2+ 33. Kc1 Rfc8 34. Bc5 Bd5 35. Rc2 Qa1+ 36.
Kd2 Qa4 37. gxh6 Qxf4+ 38. Be3 Qh2+ 39. Re2 Qxe2+ 40. Kxe2 Rxc3 41. bxc3 gxh6 42. Bxh6 a5 43. c4 Bc6 44. Bf4 Ra8 45. Ra2 a4 46. Ra3 f6 47.
Kd2 e5 48. Be3 Kf7 49. Kc3 Rh8 50. h6 f5 51. d4 f4 52. Bd2 exd4+ 53. Kxd4 Rd8+ 54. Kc3 f3 55. Ra1 Be4 56. Bf4 Ra8 57. Kb4 Bd3 58. Rxa4 Rxa4+ 59. Kxa4 f2 0-1

[Event "Early-Titled-Tuesday-Blitz-April-23-2024"]
[Site "Chess.com"]
[Date "2024.04.23"]
[Round "1"]
[White "kuchma777"]
[Black "Matibar"]
[Result "0-1"]
[WhiteElo "2480"]
[BlackElo "2843"]
[TimeControl "180+1"]
[EndTime "8:07:52 PDT"]
[Termination "Matibar won on time"]

1. e4 e6 2. d4 d5 3. Nd2 h6 4. Ngf3 Nf6 5. Bd3 c5 6. c3 Nc6 7. O-O cxd4 8. cxd4 dxe4 9. Nxe4 Be7 10. a3 O-O 11.
Nxf6+ Bxf6 12. Be3 b6 13. Bc2 Ba6 14. Re1 Rc8 15.
Rc1 Qd6 16. Be4 Ne7 17. Qa4 b5 18. Qa5 Qb6 19. Qxb6 axb6 20. Ne5 Rcd8 21. Red1 Nd5 22. Bxd5 Rxd5 23. Nc6 Bb7 24. Nb4 Rd7 25. f3 Rfd8 26.
Kf2 Bd5 27. Nxd5 Rxd5 28. Rc6 e5 29. Rxb6 exd4 30. Bf4 d3 31. Rd2 Bd4+ 32. Be3 Bxb6 33. Bxb6 Rc8 34. Ke3 Rc2 35. Ba5 f5 36. Bc3 Rxd2 37.
Bxd2 Kf7 38. Bc3 g5 39. g3 Kg6 40. f4 g4 41. Kd2 h5 42. Be5 Kf7 43. Bc3 Ke6 44. Ke3 Kd6 45. Bb4+ Kc6 46. Kd2 Rd4 47. Ke3 Kd5 48. Bc3 Re4+ 49. Kxd3 Re7 50. b3 Ra7 51.
Bb4 Ra8 52. Ke3 h4 53. Kd3 h3 0-1

[Event "Early-Titled-Tuesday-Blitz-April-23-2024"]
[Site "Chess.com"]
[Date "2024.04.23"]
[Round "1"]
[White "GMG"]
[Black "Machteldvf"]
[Result "1-0"]
[WhiteElo "2773"]
[BlackElo "2441"]
[TimeControl "180+1"]
[EndTime "8:07:53 PDT"]
[Termination "GMG won on time"]

1. Nf3 Nf6 2. c4 g6 3. g3 Bg7 4.
Bg2 O-O 5. d4 d6 6. O-O c5 7.
Nc3 Re8 8. e4 cxd4 9. Nxd4 a6 10. h3 Qc7 11. b3 Nc6 12. Be3 Bd7 13. Nde2 Rac8 14. Qd2 h5 15. Rac1 Qa5 16. a4 Red8 17. Rfd1 Be8 18. f4 Nd7 19. Nd5 Qxd2 20. Bxd2 e6 21. Ne3 Nc5 22. Rb1 a5 23. Be1 Nb4 24.
g4 hxg4 25. hxg4 Nbd3 26. Bxa5 Rd7 27. b4 Nb2 28. bxc5 Nxd1 29. Rxd1 dxc5 30. Rxd7 Bxd7 31. e5 Bxa4 32. Nc3 Bc6 33. Bxc6 Rxc6 34. Ne4 b6 35. Bc3 Kf8 36. g5 Ke7 37. Kf2 Rc8 38. Bd2 Ra8 39.
Nc3 Bf8 40. Ke2 Kd7 41. Nb5 Kc6 42. Ng4 Ra2 43. Kd3 Be7 44. Nh6 Bf8 45. Nxf7 Ra1 46. Nh8 Rf1 47. Nxg6 Rf3+ 48. Ke2 1-0

[Event "Early-Titled-Tuesday-Blitz-April-23-2024"]
[Site "Chess.com"]
[Date "2024.04.23"]
[Round "1"]
[White "BardArtem"]
[Black "kylelancman"]
[Result "1-0"]
[WhiteElo "2862"]
[BlackElo "2486"]
[TimeControl "180+1"]
[EndTime "8:07:54 PDT"]
[Termination "BardArtem won by resignation"]

1. e4 c5 2. Nf3 g6 3. c3 Nf6 4. e5 Nd5 5. h4 d6 6. h5 Bg7 7. d4 cxd4 8. h6 Bxe5 9. Nxe5 dxe5 10. cxd4 Nc6 11. dxe5 Bf5 12. Be2 Ndb4 13. O-O Qxd1 14. Bxd1 Nxe5 15. Nc3 O-O 16. Re1 Nec6 17. Bg5 Rfe8 18. Nb5 Rac8 19. Bb3 Nc2 20. Bxc2 Bxc2 21. Rac1 Bf5 22. Re3 f6 23. Bh4 a6 24. Nc3 Rcd8 25.
Rce1 Kf7 26. Na4 Nd4 27. Rc3 b5 28. Nc5 a5 29. Nb7 Ra8 30. Rc7 Ne6 31. Nd6+ Kf8 32.
Nxe8 Kxe8 33. Rb7 b4 34. f3 g5 35. Bf2 Kf7 36. g4 Bg6 37. Rd1 Nf8 38. Bc5 Re8 39.
Ra7 Ne6 40. Be3 Rc8 41. Rxa5 Rc2 42. Ra7 Nf8 43. Bb6 Rxb2 44. Bc5 Re2 45. Bxb4 Re5 46.
Re1 Rxe1+ 47. Bxe1 Ne6 48. Bb4 Nd4 49. Rxe7+ Kg8 50. Kf2 Nc2 51. Rg7+ Kh8 52. Rb7 Nxb4 53. Rb8+ 1-0

[Event "Early-Titled-Tuesday-Blitz-April-23-2024"]
[Site "Chess.com"]
[Date "2024.04.23"]
[Round "1"]
[White "InitiatingASC"]
[Black "goodluck06"]
[Result "0-1"]
[WhiteElo "2363"]
[BlackElo "2673"]
[TimeControl "180+1"]
[EndTime "8:07:54 PDT"]
[Termination "goodluck06 won by resignation"]

1. d4 d5 2. c4 c6 3. Nf3 Nf6 4.
g3 Bf5 5. Bg2 e6 6. O-O h6 7. b3 Nbd7 8. Bb2 Be7 9. Nbd2 O-O 10.
Ne5 a5 11. a3 Qb6 12. Nxd7 Nxd7 13. c5 Qc7 14. e4 dxe4 15. Bxe4 Bh3 16. Re1 Nf6 17.
Qc2 Nxe4 18. Qxe4 Bf5 19. Qf3 Rfd8 20. Nc4 Bf6 21. Rad1 a4 22. Nb6 Bc2 23. Nxa8 Rxa8 24. Rd2 axb3 25. Qc3 Rd8 26. Qb4 h5 27. Bc3 h4 28.
Kg2 Qd7 29. Ree2 Qd5+ 30. f3 h3+ 31. Kf2 Bg5 32. Rxc2 bxc2 33. Rxc2 Qf5 34. Re2 Bf6 35. Qxb7 Bxd4+ 36. Bxd4 Rxd4 37. Qa8+ Kh7 38. Qxc6 Rc4 39. a4 Qb1 40. a5 Qh1 41. Ke3 Qg1+ 42. Kd3 Qc1 43. Rd2 Rc3+ 44. Ke2 Qg1 45. Qe4+ f5 46. Qd4 Qxh2+ 47. Kd1 Qh1+ 48. Ke2 Qg2+ 49. Kd1 Qxf3+ 50.
Ke1 Re3+ 51. Qxe3 Qxe3+ 52. Kd1 Qxc5 53. Ra2 h2 54. Rxh2+ Kg6 55. Ra2 Qd5+ 0-1

[Event "Early-Titled-Tuesday-Blitz-April-23-2024"]
[Site "Chess.com"]
[Date "2024.04.23"]
[Round "1"]
[White "Incognito_Knight"]
[Black "Daaksboy"]
[Result "1-0"]
[WhiteElo "2733"]
[BlackElo "2404"]
[TimeControl "180+1"]
[EndTime "8:07:55 PDT"]
[Termination "Incognito_Knight won on time"]

1. e4 c5 2. d4 cxd4 3. Qxd4 Nc6 4. Qd3 Nf6 5. Nc3 g6 6. Nf3 d6 7. Be2 Bg7 8. O-O Nd7 9. Bg5 O-O 10. Qe3 Qb6 11.
Qc1 Nc5 12. Bh6 Bg4 13. Bxg7 Kxg7 14. Nd5 Qd8 15. Qe3 e6 16. Nc3 Qf6 17. Rad1 Bxf3 18.
Bxf3 Rfd8 19. Be2 a6 20. f4 b5 21. e5 Qe7 22. exd6 Rxd6 23. Rxd6 Qxd6 24. Rd1 Qe7 25. Bf3 Rc8 26. Bxc6 Rxc6 27. Nd5 Qd8 28. Qc3+ f6 29. Ne3 Qb6 30. Qd4 Kf7 31. Kf1 Rc7 32. Ng4 Nd7 33. Qxb6 Nxb6 34. c3 Nc4 35. b3 Nb6 36. Rd6 Nd5 37.
Rxa6 Rxc3 38. Ra7+ Kg8 39. Kf2 Rc2+ 40. Kf3 Rc3+ 41.
Kf2 Rc1 42. Nh6+ Kh8 43. Nf7+ Kg8 44. Nd8 Rc2+ 45. Kf3 Rc3+ 46. Ke4 1-0

[Event "Early-Titled-Tuesday-Blitz-April-23-2024"]
[Site "Chess.com"]
[Date "2024.04.23"]
[Round "1"]
[White "mishanick"]
[Black "Ural_bogatyr"]
[Result "1-0"]
[WhiteElo "3162"]
[BlackElo "2557"]
[TimeControl "180+1"]
[EndTime "8:07:56 PDT"]
[Termination "mishanick won on time"]

1. d4 Nf6 2. c4 e6 3. Nf3 d5 4. Nc3 c5 5. cxd5 cxd4 6. Qxd4 exd5 7. e4 dxe4 8. Qxd8+ Kxd8 9. Ng5 Be6 10. Nxe6+ fxe6 11. Bg5 Ke7 12. Nxe4 Kf7 13. Nxf6 gxf6 14. Bd2 Nc6 15.
O-O-O Bc5 16. f3 Rhd8 17. Bc4 Nd4 18. Kb1 b5 19. Bf1 a5 20. Bc1 a4 21. Bd3 b4 22. Rhe1 a3 23. Bc4 Rac8 24. Be3 Rc6 25. Rd3 axb2 26. Kxb2 Bb6 27. Rc1 Ke7 28. Rdd1 e5 29.
Bd3 Rxc1 30. Rxc1 f5 31. Bxf5 Nxf5 32. Bxb6 Rd2+ 33. Rc2 Rxc2+ 34. Kxc2 Nh4 35. Bc5+ Ke6 36. Bxb4 Nxg2 37. Kd3 Kd5 38. a4 Nh4 39. Ke2 Nf5 40. a5 Nd4+ 41. Kf2 Nc6 42. Bc3 Kc4 43. Be1 Kd3 44. Kg3 Ke2 45. Bc3 Kd3 46. Bxe5 Nxe5 47. f4 Nc6 48. f5 Kc4 49. f6 Nd8 50. a6 1-0

[Event "Early-Titled-Tuesday-Blitz-April-23-2024"]
[Site "Chess.com"]
[Date "2024.04.23"]
[Round "1"]
[White "AsselLesbekova"]
[Black "joshdaruca"]
[Result "0-1"]
[WhiteElo "2432"]
[BlackElo "2747"]
[TimeControl "180+1"]
[EndTime "8:07:57 PDT"]
[Termination "joshdaruca won by resignation"]

1. e4 e6 2. d4 d5 3. Nd2 a6 4.
Ngf3 c5 5. exd5 exd5 6. dxc5 Bxc5 7. Nb3 Bb6 8. Bd3 Ne7 9. O-O O-O 10. Bg5 Nbc6 11. Qd2 Bg4 12. Be2 Qd7 13. h3 Bh5 14. Ne5 Nxe5 15. Bxh5 Nc4 16. Qc3 Rac8 17. Rfe1 Ng6 18.
Nd4 Nd6 19. Qd3 Ne4 20. Be3 Ne5 21. Qb3 Nc4 22. Bg4 Qc7 23. Bxc8 Rxc8 24. c3 Ba7 25. Rad1 b5 26. Nf5 Rd8 27. Bxa7 Qxa7 28. Nd4 Re8 29. a4 bxa4 30. Qxa4 Rc8 31. Re2 h6 32. Rde1 Qb7 33. f3 Ned6 34. b3 Nb6 35. Qa2 Rxc3 36. Qa3 Nbc8 37.
Qb2 Qb4 38. Nc2 Qc5+ 39. Kh1 d4 40. Rd1 d3 41. Red2 Rxc2 42. Rxc2 dxc2 43. Rc1 Nb6 44. Qxc2 Qb5 45. Qc7 Nf5 46. Qd8+ Kh7 47. Qc7 Nd5 48.
Qxf7 Nde3 49. Re1 Qe5 50. Kg1 Qd4 51. Kh2 Qf4+ 52. Kg1 Qg3 53. Re2 Nh4 54. Qe6 Nxf3+ 0-1

[Event "Early-Titled-Tuesday-Blitz-April-23-2024"]
[Site "Chess.com"]
[Date "2024.04.23"]
[Round "1"]
[White "kidagent"]
[Black "nekotyanof"]
[Result "0-1"]
[WhiteElo "2354"]
[BlackElo "2660"]
[TimeControl "180+1"]
[EndTime "8:07:57 PDT"]
[Termination "nekotyanof won by resignation"]

1. c4 g6 2. g3 Nf6 3. Bg2 c6 4. b3 Bg7 5. Bb2 O-O 6. Nf3 d5 7. O-O dxc4 8. bxc4 c5 9. d3 Nc6 10. Nc3 Bg4 11. Rb1 Qd7 12. Nd2 Nd4 13. Re1 Bh3 14. Bh1 Rfe8 15. Nde4 Rac8 16. Nxf6+ exf6 17. e3 Nc6 18. Ne4 Qe7 19. Qf3 Ne5 20. Bxe5 fxe5 21. Rxb7 Rc7 22.
Rxc7 Qxc7 23. g4 f5 24. Qxh3 fxe4 25. Bxe4 Qa5 26. Qf1 Rb8 27. Rb1 Rb4 28. Bd5+ Kh8 29. Rxb4 Qxb4 30. f4 Qd2 31. fxe5 Qxe3+ 32. Kg2 Qxe5 33.
Qf3 h6 34. Qe4 Qb2+ 35. Kf3 Qf6+ 36. Kg3 Qd6+ 37. Kg2 Be5 38. h4 Kg7 39. h5 gxh5 40. gxh5 Qf6 41. Qg4+ Kf8 42. Qg8+ Ke7 43. Qg6 Qxg6+ 44.
hxg6 Kf6 45. Be4 Kg5 46. Kh3 h5 47. Kg2 Kf4 48. Kh3 Bf6 49. g7 Bxg7 50. Kh4 a5 51.
Kxh5 a4 52. Kg6 Bd4 53. Kf7 a3 54. Ke6 Ke3 55. Kd5 Kd2 56. Kc6 Kc3 57. Kb5 Kb2 58. Ka4 Kxa2 59. Bf3 Kb2 60. Bd1 a2 0-1

[Event "Early-Titled-Tuesday-Blitz-April-23-2024"]
[Site "Chess.com"]
[Date "2024.04.23"]
[Round "1"]
[White "soupeOchoux"]
[Black "Flawless_Fighter"]
[Result "0-1"]
[WhiteElo "2404"]
[BlackElo "2722"]
[TimeControl "180+1"]
[EndTime "8:07:58 PDT"]
[Termination "Flawless_Fighter won by resignation"]

1. d4 Nf6 2. Bg5 g6 3. Bxf6 exf6 4. e3 d5 5. c4 c6 6. cxd5 Qxd5 7. Nc3 Qd8 8. g3 f5 9. Bg2 Be6 10. Nge2 Bg7 11. O-O O-O 12. b4 Nd7 13. Qc2 Bc4 14. Rfc1 Nb6 15. a4 a5 16. b5 Rc8 17. bxc6 bxc6 18.
Rab1 c5 19. d5 Qf6 20. Rd1 Rfd8 21. h4 Rd6 22. Nb5 Rd7 23. Nec3 Rcd8 24. d6 Rc8 25. Nd5 Bxd5 26. Bxd5 Bf8 27. Bc4 Bxd6 28. Rd3 Bf8 29.
Rxd7 Nxd7 30. Rd1 Ne5 31. Be2 c4 32. Rd5 Bb4 33. f4 Ng4 34. Bxg4 fxg4 35. e4 Qb6+ 36. Kg2 Qe3 37. Rd4 c3 38. e5 Kg7 39. Kh2 Rc5 40. Rd1 h5 41. Nd6 Qf3 42. Ne8+ Kf8 43. Nf6 Rc8 44. Rd7 Qc6 45. Qd3 Be7 46. Qc2 Qc4 47. Rd3 Qc6 48. Rd7 Bxf6 49. exf6 Qxd7 0-1

[Event "Early-Titled-Tuesday-Blitz-April-23-2024"]
[Site "Chess.com"]
[Date "2024.04.23"]
[Round "1"]
[White "ChessboArt"]
[Black "chess123456s"]
[Result "1/2-1/2"]
[WhiteElo "2315"]
[BlackElo "2627"]
[TimeControl "180+1"]
[EndTime "8:07:58 PDT"]
[Termination "Game drawn - insufficient material"]

1. Nf3 Nf6 2. g3 b6 3. Bg2 Bb7 4. c4 g6 5. b3 Bg7 6. Bb2 O-O 7. O-O c5 8. e3 e6 9. Nc3 Nc6 10. d4 d5 11. dxc5 bxc5 12. cxd5 exd5 13. Qe2 Re8 14.
Rfd1 d4 15. Qb5 Qe7 16. exd4 cxd4 17. Nxd4 Nxd4 18. Qxb7 Qxb7 19. Bxb7 Rad8 20. Kf1 h5 21. Nd5 Nxd5 22. Bxd4 Nc3 23. Bxc3 Bxc3 24. Rxd8 Rxd8 25.
Rc1 Ba5 26. Rc2 Bb6 27. Bf3 Kg7 28. Be2 Kf6 29. Bc4 Rd7 30. a3 Kg5 31. Kg2 Kf6 32.
Re2 Kg7 33. h3 Kf6 34. Kf3 Kg7 35. b4 Kf6 36. a4 Rd4 37. Rc2 g5 38. a5 Bd8 39.
Ke3 Rd6 40. Rd2 Rxd2 41. Kxd2 Be7 42. Kc3 g4 43. hxg4 hxg4 44. Bd3 Ke5 45. Kc4 f5 46. b5 Bd6 47. b6 axb6 48. axb6 f4 49. Kb5 fxg3 50.
fxg3 Kd4 51. Bf5 Ke3 52. Bxg4 Bxg3 53. Bd7 Bh2 54. Kc6 Bg3 55. Kb7 Bh2 56. Kc8 Bg3 57. b7 Bh2 58. b8=Q Bxb8 1/2-1/2

[Event "Early-Titled-Tuesday-Blitz-April-23-2024"]
[Site "Chess.com"]
[Date "2024.04.23"]
[Round "1"]
[White "RobertoJBM"]
[Black "RedFirePanda"]
[Result "1-0"]
[WhiteElo "2851"]
[BlackElo "2482"]
[TimeControl "180+1"]
[EndTime "8:07:59 PDT"]
[Termination "RobertoJBM won by resignation"]

1. d4 d5 2. Nf3 Nf6 3. e3 Bf5 4.
Bd3 Bxd3 5. Qxd3 c6 6. Nbd2 e6 7. e4 dxe4 8. Nxe4 Nxe4 9. Qxe4 Nd7 10. Bg5 Be7 11. Bxe7 Qxe7 12. O-O-O O-O-O 13. Rhe1 Nf6 14. Qe2 Nd5 15. g3 Rhe8 16. Kb1 Qd6 17. c4 Nf6 18. Ne5 Qc7 19. f4 Rf8 20. Rd3 Nd7 21. Red1 Nxe5 22. Qxe5 g6 23. b3 h5 24. Kc2 Rd7 25. h3 Rfd8 26. g4 hxg4 27. hxg4 Qb6 28. f5 gxf5 29. gxf5 exf5 30. Qxf5 Kb8 31. Qf4+ Qc7 32. Qf6 Qd6 33. Qxd6+ Rxd6 34. Kc3 Kc7 35. Rf3 f6 36. Rf4 Re8 37.
Rd3 Kd7 38. Rdf3 Ke7 39. Rh4 Kd7 40. Kd3 Rde6 41. a4 a5 42. Rh5 b6 43. c5 Kc7 44.
Rh7+ R8e7 45. Rxe7+ Rxe7 46. cxb6+ Kxb6 47. Rxf6 Re1 48. Kd2 Rb1 49. Kc2 Rh1 50. d5 Rh2+ 51. Kc3 Rh3+ 52.
Kb2 Rh2+ 53. Ka3 Kc5 54. dxc6 Kd4 55. Rf5 Rh6 56. Rxa5 Rxc6 57. Rb5 Kc3 58. Rh5 Rg6 59.
Rc5+ Kd4 60. Rc4+ Kd3 61. a5 Ra6 62. Ka4 Ra8 63. Rc7 Kd4 64. b4 Kd5 65. b5 Kd6 66. b6 Rh8 67. Rc4 Rh1 68. Kb5 Rb1+ 69. Ka6 Kd7 70. Kb7 1-0

[Event "Early-Titled-Tuesday-Blitz-April-23-2024"]
[Site "Chess.com"]
[Date "2024.04.23"]
[Round "1"]
[White "Brave_spirit12"]
[Black "amylazy"]
[Result "0-1"]
[WhiteElo "2722"]
[BlackElo "2440"]
[TimeControl "180+1"]
[EndTime "8:07:59 PDT"]
[Termination "amylazy won by checkmate"]

1. e4 c5 2. Nf3 e6 3. d4 cxd4 4. Nxd4 a6 5. Nc3 Qc7 6. g3 b5 7.
Bg2 Bb7 8. O-O d6 9. Re1 Nd7 10. a3 Ngf6 11. Bg5 Be7 12. Qe2 O-O 13. Rad1 Rfe8 14.
Be3 Ne5 15. f4 Nc4 16. Bc1 Nxa3 17. e5 dxe5 18. fxe5 Bxg2 19. Qxg2 Nd7 20. Nc6 Bc5+ 21. Kh1 Nc4 22. Ne4 Bf8 23. Nd6 Nxd6 24. exd6 Bxd6 25.
Nd4 Nc5 26. Nf3 Rad8 27. Bg5 Be7 28. Be3 Na4 29. c3 Nb6 30. Bf4 Qb7 31. Ne5 Qxg2+ 32.
Kxg2 Nd5 33. Bc1 h5 34. Nc6 Rc8 35. Nxe7+ Nxe7 36. Rd6 Ra8 37. h3 a5 38. g4 hxg4 39. hxg4 b4 40. Rd3 bxc3 41. bxc3 a4 42. Ba3 Nd5 43.
Rf3 Rec8 44. Rc1 Rab8 45. c4 Nf6 46. g5 Ne4 47. Re3 Nxg5 48. c5 Rc6 49. Rg3 Ne4 50.
Rh3 Rb3 51. Rch1 Rxh3 52. Rxh3 f5 53. Rd3 Kf7 54. Rd4 Rc7 55. Rxa4 Nxc5 56. Rc4 Na6 57.
Rd4 g5 58. Rd6 Nc5 59. Bc1 Ne4 60. Rd1 Rc2+ 61. Kf3 Kf6 62. Be3 g4+ 63. Kf4 e5# 0-1

[Event "Early-Titled-Tuesday-Blitz-April-23-2024"]
[Site "Chess.com"]
[Date "2024.04.23"]
[Round "1"]
[White "Aleksandar-Topalov"]
[Black "GelmanAlexander"]
[Result "1-0"]
[WhiteElo "2378"]
[BlackElo "2653"]
[TimeControl "180+1"]
[EndTime "8:07:59 PDT"]
[Termination "Aleksandar-Topalov won by resignation"]

1. b3 c5 2. Bb2 e6 3. Nf3 Nf6 4. e3 d6 5. d4 Nbd7 6. Nbd2 a6 7. Bd3 b6 8. O-O Bb7 9. a4 Qc7 10. Qe2 Be7 11. c4 Rg8 12. Rfd1 g5 13. dxc5 bxc5 14. Bc3 g4 15. Ne1 h5 16. b4 cxb4 17. Bxb4 h4 18. Rab1 Rc8 19. Bc2 Ba8 20. e4 Nc5 21.
Bxc5 dxc5 22. e5 Qc6 23. exf6 Bxf6 24. Be4 Qc7 25. Bxa8 Rxa8 26. Ne4 Bd4 27. Rxd4 cxd4 28. Nf6+ Ke7 29. Nxg8+ Rxg8 30. Nd3 Qxc4 31. Rb7+ Kf8 32. g3 h3 33. Qe4 Rg5 34. Qh7 Rg7 35. Rxf7+ Rxf7 36. Qxf7+ Kxf7 37. Ne5+ Kf6 38. Nxc4 Kf5 39. Kf1 Ke4 40.
Ke2 Kd5 41. Kd3 e5 42. Nd2 a5 43. Ne4 Ke6 44. Nc5+ Kd5 45. Ne4 Ke6 46. f3 gxf3 47. Nf2 Kd5 48. g4 Ke6 49. Ke4 Kf6 50. Nxh3 Ke6 51. Kxf3 Kd5 52. Nf2 Kc4 53. Ne4 Kb4 54. g5 Kxa4 55. g6 Kb3 56. g7 a4 57.
g8=Q+ 1-0

[Event "Early-Titled-Tuesday-Blitz-April-23-2024"]
[Site "Chess.com"]
[Date "2024.04.23"]
[Round "1"]
[White "snowlord"]
[Black "kecalk"]
[Result "1-0"]
[WhiteElo "2919"]
[BlackElo "2520"]
[TimeControl "180+1"]
[EndTime "8:08:00 PDT"]
[Termination "snowlord won on time"]

1. Nf3 d5 2. c4 d4 3. b4 f6 4. e3 e5 5. c5 a5 6. Qa4+ Bd7 7. b5 Bxc5 8. Bc4 Ne7 9. exd4 exd4 10. d3 Bg4 11. Nbd2 Nd7 12. O-O Nb6 13. Qc2 Nxc4 14. Qxc4 Qd5 15. Qxd5 Nxd5 16. Ne4 Bb6 17. Nfd2 Kf7 18. Re1 Rhe8 19. Nc4 Kg6 20. f3 Bd7 21. Bb2 Bxb5 22. Nxb6 Nxb6 23. Nc5 Nd7 24. Ne6 c5 25. Nc7 Rxe1+ 26. Rxe1 Rc8 27. Nxb5 Ne5 28. Rd1 b6 29. h3 h5 30. f4 Nc6 31. a3 Ne7 32. Re1 Nd5 33. f5+ Kg5 34. Bc1+ Ne3 35. Bxe3+ dxe3 36. Rxe3 Rd8 37. Rf3 h4 38. Kf2 Rd5 39.
Nc3 Rxf5 40. Ne4+ Kg6 41. Rxf5 Kxf5 42. Nd6+ Ke5 43. Nc4+ Kd4 44. Ke2 b5 45. Nxa5 Kc3 46. Nb7 b4 47. axb4 cxb4 48. Nc5 b3 49. Ke3 Kb4 50. d4 b2 51. Nd3+ Kc3 52. Nxb2 Kxb2 53. d5 1-0

[Event "Early-Titled-Tuesday-Blitz-April-23-2024"]
[Site "Chess.com"]
[Date "2024.04.23"]
[Round "1"]
[White "Abund"]
[Black "lcmil"]
[Result "1-0"]
[WhiteElo "2815"]
[BlackElo "2469"]
[TimeControl "180+1"]
[EndTime "8:08:00 PDT"]
[Termination "Abund won on time"]

1. d4 Nf6 2. c4 g6 3. Nc3 Bg7 4. e4 O-O 5. Be2 d6 6. Bg5 c5 7. d5 h6 8. Be3 e6 9. Qd2 exd5 10. exd5 Kh7 11. Nf3 Re8 12. O-O Bf5 13. Rae1 a6 14. Bd3 Bxd3 15. Qxd3 Nbd7 16. Bf4 Qc7 17. h3 Nh5 18. Bh2 b5 19. Rxe8 Rxe8 20. cxb5 c4 21. Qc2 axb5 22. Nxb5 Qc5 23. Nxd6 Ra8 24. Qxc4 Bxb2 25. Qb3 Qa3 26. Nxf7 Qxa2 27. Qb7 Ra7 28. Qc6 Nhf6 29. N7e5 Qxd5 30. Qxd5 Nxd5 31. Nxd7 Rxd7 32. Rd1 Nf6 33. Rb1 Bc3 34. Bf4 Ne4 35. Be3 Bg7 36.
Rb6 g5 37. g4 Rf7 38. Kg2 Rd7 39. Re6 Nc3 40. h4 gxh4 41. Nxh4 Nd1 42. Bb6 Rd2 43. Nf5 Bf8 44. Rf6 Kg8 45. Nxh6+ Bxh6 46. Rxh6 Rd5 47.
Rf6 Nc3 48. Be3 Ne4 49. Rf4 Nd6 50. Kg3 Nf7 51. f3 Ne5 52. Rf5 1-0

[Event "Early-Titled-Tuesday-Blitz-April-23-2024"]
[Site "Chess.com"]
[Date "2024.04.23"]
[Round "1"]
[White "aa175"]
[Black "thesupera12"]
[Result "1-0"]
[WhiteElo "2759"]
[BlackElo "2437"]
[TimeControl "180+1"]
[EndTime "8:08:00 PDT"]
[Termination "aa175 won by resignation"]

1. d4 e6 2. Bf4 c5 3. e3 Nf6 4. Nf3 Nc6 5. Nbd2 Be7 6. c3 O-O 7. Bd3 Nh5 8. Bg3 f5 9. Ne5 Nxg3 10. hxg3 Nxe5 11. dxe5 g6 12. Qa4 d5 13. exd6 Qxd6 14.
Be2 Bd7 15. Qf4 Bc6 16. Bf3 Qxf4 17. gxf4 Bxf3 18. Nxf3 Bf6 19. Ke2 Rfd8 20. Rad1 h5 21. g3 Kf7 22. a4 b6 23. Rxd8 Rxd8 24. Ra1 a6 25. Nd2 Rd7 26. Nc4 b5 27. axb5 axb5 28. Ne5+ Bxe5 29. fxe5 b4 30. c4 Rc7 31. Kf3 g5 32. Ra8 Kg7 33. Re8 Kf7 34. Rh8 Kg6 35.
Rf8 Ra7 36. Rc8 Ra2 37. Rxc5 Rxb2 38. Rc6 Kf7 39. Rc7+ Kf8 40. c5 g4+ 41. Kf4 Rxf2+ 42. Kg5 Rc2 43. Kf6 Kg8 44. c6 b3 45. Rg7+ Kh8 46.
Rd7 Rxc6 47. Rb7 Rc3 48. Kg6 Rc8 49. Kxh5 b2 50. Kg6 Rg8+ 51. Kf6 Rg7 52. Rxb2 Kh7 53. Rh2+ Kg8 54. Kxe6 Rg5 55. Kf6 Rg7 56. e6 Ra7 57. Rc2 Ra6 58. Rc8+ Kh7 59. Rc7+ Kh6 60. Kxf5 Ra5+ 61.
Kf6 Ra6 62. Rc8 Kh7 63. Kf7 Ra1 64. e7 Rf1+ 65. Ke6 Rf8 66. exf8=Q 1-0

[Event "Early-Titled-Tuesday-Blitz-April-23-2024"]
[Site "Chess.com"]
[Date "2024.04.23"]
[Round "1"]
[White "sathvikadiga"]
[Black "Shiner22"]
[Result "0-1"]
[WhiteElo "2623"]
[BlackElo "2331"]
[TimeControl "180+1"]
[EndTime "8:08:00 PDT"]
[Termination "Shiner22 won by checkmate"]

1. e4 c5 2. Nf3 Nc6 3. d4 cxd4 4. Nxd4 e5 5. Nb5 a6 6. Nd6+ Bxd6 7. Qxd6 Qf6 8. Qd1 Qg6 9. Nc3 d5 10. Nxd5 Qxe4+ 11. Be3 Nd4 12. Nc7+ Ke7 13. Rc1 Bg4 14. Qd3 Qxd3 15. Bxd3 Rd8 16. h3 Bh5 17. f4 Kd6 18.
Nxa6 bxa6 19. g4 Nf6 20. fxe5+ Kxe5 21. gxh5 Nf5 22. Bg5 h6 23. Bd2 Nxh5 24. O-O Nhg3 25. Rce1+ Kf6 26. Rf3 Rhe8 27. Kf2 g6 28. Rg1 Ne4+ 29.
Bxe4 Rxd2+ 30. Kf1 Rxe4 31. Rg2 Rd1+ 32. Kf2 Rd2+ 33.
Kf1 Rxg2 34. Kxg2 Re2+ 35. Rf2 Rxf2+ 36. Kxf2 Ke5 37. Ke2 Kd4 38. c3+ Ke4 39. b4 Nd6 40. a4 f5 41. Kd2 g5 42. b5 axb5 43. axb5 Nxb5 44. c4 Nd4 45. c5 Nc6 46. h4 gxh4 47. Ke2 f4 48. Kf2 f3 49. Kf1 Ke3 50. Kg1 f2+ 51.
Kg2 Ke2 52. Kh2 h5 53. Kh3 f1=Q+ 54. Kxh4 Qg2 55. Kxh5 Ne5 56. c6 Qg4+ 57. Kh6 Qg6# 0-1

[Event "Early-Titled-Tuesday-Blitz-April-23-2024"]
[Site "Chess.com"]
[Date "2024.04.23"]
[Round "1"]
[White "Acva-Alenok"]
[Black "SharapovEvgeny"]
[Result "0-1"]
[WhiteElo "2341"]
[BlackElo "2653"]
[TimeControl "180+1"]
[EndTime "8:08:01 PDT"]
[Termination "SharapovEvgeny won by resignation"]

1. d4 d5 2. c4 c6 3. cxd5 cxd5 4. Nc3 Nf6 5. Bf4 Nc6 6. Rc1 a6 7. e3 g6 8. Bd3 Bg7 9. Nf3 O-O 10. h3 Bf5 11.
Bxf5 gxf5 12. g4 fxg4 13. hxg4 Nxg4 14. Ng5 Nf6 15. Qf3 h6 16. Nh3 Qd7 17. Be5 Nxe5 18.
dxe5 Ne4 19. Rg1 Kh8 20. Nf4 Ng5 21. Qh5 Qf5 22. Ncxd5 Qxe5 23. Kf1 Rad8 24. Nc3 Rd6 25. Nh3 Nxh3 26. Qxh3 Rg6 27. Rxg6 fxg6 28. Rd1 Qf6 29.
Ne4 Qc6 30. Qg4 h5 31. Qg2 Bxb2 32. Kg1 Bg7 33. Rb1 b5 34. a3 a5 35. Rd1 b4 36. axb4 axb4 37. Rb1 Rb8 38. Ng3 Qxg2+ 39. Kxg2 b3 40. Ne2 b2 41. Nd4 Bxd4 42. exd4 Rb3 43. Kg1 Kg7 44. Kf1 Kf6 45. Ke2 Kf5 46. Kd2 h4 47.
Kc2 Rf3 48. Kxb2 Rxf2+ 49. Kc3 h3 50. Kd3 h2 51. Rh1 g5 52. Ke3 Ra2 53. Kf3 Ra3+ 54.
Kg2 Ra2+ 55. Kg3 Ke4 56. Re1+ Kxd4 57. Rh1 e5 0-1